 Dungeon Crawl Stone Soup version 0.19-a0-747-g9c36c40 (webtiles) character file.

62 Gottschkopf the Insei (level 4, -2/38 HPs)
             Began as a Naga Transmuter on June 24, 2016.
             Slain by an adder (4 damage)
             ... on level 3 of the Dungeon.
             The game lasted 00:06:56 (2394 turns).

Gottschkopf the Insei (Naga Transmuter)             Turns: 2394, Time: 00:06:57

Health: -2/38      AC:  3    Str: 12    XL:     4   Next: 8%
Magic:  7/7        EV: 10    Int: 14    God:
Gold:   106        SH:  0    Dex: 12    Spells: 3 memorised, 1 level left

rFire  . . .     SeeInvis +       - Unarmed
rCold  . . .     Gourm    .     b - +0 robe
rNeg   . . .     Faith    .     (no shield)
rPois  +         Spirit   .     (no helmet)
rElec  .         Dismiss  .     h - +0 cloak
rCorr  .         Reflect  .     (no gloves)
SustAt .         Harm     .     (no barding)
MR     .....                    (no amulet)
Stlth  +.........               (no ring)
                                l - ring of wizardry

@: lethally poisoned (-2 -> -9), appendage (expiring), very slow, not resistant
to hostile enchantments, very unstealthy
A: horns 2, see invisible, deformed body, poison resistance, slowness 2, slow
metabolism 1, spit poison 2, AC +1
a: Spit Poison, End Transformation


You were on level 3 of the Dungeon.
You were not hungry.
You had grown temporary horns.
You visited 1 branch of the dungeon, and saw 3 of its levels.

You collected 106 gold pieces.

Inventory:

Missiles
 a - 78 arrows
Armour
 b - a +0 robe (worn)
 h - a +0 cloak (worn)
Jewellery
 l - a ring of wizardry (left hand)
 n - an uncursed ring of fire
Scrolls
 f - 3 scrolls of fog {unknown}
 j - a scroll of blinking {unknown}
 k - 2 scrolls of remove curse {unknown}
 m - a scroll of teleportation {unknown}
 p - a scroll of noise {unknown}
 r - a scroll of amnesia {unknown}
Potions
 e - a potion of cancellation {unknown}
 g - a potion of brilliance {unknown}
Books
 c - a book of Changes

   Spells                             Type                      Level
   a - Beastly Appendage              Transmutation                1
   b - Sticks to Snakes               Transmutation                2
   c - Spider Form                    Transmutation/Poison         3
   d - Ice Form                       Ice/Transmutation            4
   e - Blade Hands                    Transmutation                5
Comestibles
 d - 2 bread rations
 i - a slice of pizza
 o - 2 meat rations


   Skills:
 - Level 1.0 Fighting
 - Level 1.5 Dodging
 + Level 4.5 Unarmed Combat
 + Level 2.0 Spellcasting
 - Level 2.0 Transmutations
 - Level 1.6 Poison Magic


You had one spell level left.
You knew the following spells:

 Your Spells              Type           Power        Failure   Level  Hunger
a - Beastly Appendage     Tmut           #.....       4%          1    ##.....
b - Sticks to Snakes      Tmut           #.......     7%          2    ###....
c - Spider Form           Tmut/Pois      #.........   16%         3    ####...


Dungeon Overview and Level Annotations

Branches:
Dungeon (3/15)

Altars:
Zin


Innate Abilities, Weirdness & Mutations

You cannot wear boots.
Your serpentine skin is tough. (AC +1)
You have supernaturally acute eyesight. (SInv)
Armour fits poorly on your strangely shaped body.
Your system is resistant to poisons. (rPois)
You cover ground very slowly.
You have a slow metabolism.
You can spit poison.
You have a pair of horns on your head.


Message History

You feel sick. The adder closely misses you.
You closely miss the adder.
The adder is severely wounded.
* * * LOW HITPOINT WARNING * * *
You feel sick. The adder bites you.
* * * LOW HITPOINT WARNING * * *
You barely miss the adder.
The adder is severely wounded.
* * * LOW HITPOINT WARNING * * *
You feel sick. The adder barely misses you.
You closely miss the adder. Your punch misses the adder.
The adder is severely wounded.
* * * LOW HITPOINT WARNING * * *
You feel sick. The adder bites you but does no damage. The adder bites you.
* * * LOW HITPOINT WARNING * * *
You barely miss the adder.
The adder is severely wounded.
* * * LOW HITPOINT WARNING * * *
You feel sick. The adder bites you.
You die...

####.#########.#.......##
#........# #.#######.##
#....###.# #.# #.##
#..### #.# #+# #.##
#..#####.# #.# #........#
#.## ##.#.##### #...
##....#### ####..
#.....wS@+ +.....
#.....#### ####.. #.#...#
##. #.#.#.# ## .......
#.##.###. # #. . #. #


You could see a worm and an adder.

Vanquished Creatures
  An adder (D:2)
  An ooze (D:2)
  4 worms (D:2)
  A giant gecko (D:2)
  3 bats
  4 goblins
  3 hobgoblins
  4 jackals
  6 kobolds
  A quokka (D:2)
  3 giant newts
  5 rats
36 creatures vanquished.

Notes
Turn   | Place    | Note
--------------------------------------------------------------
     0 | D:1      | Gottschkopf the Naga Transmuter began the quest for the Orb.
     0 | D:1      | Reached XP level 1. HP: 18/18 MP: 3/3
   195 | D:1      | Reached XP level 2. HP: 11/25 MP: 3/5
   495 | D:1      | Learned a level 2 spell: Sticks to Snakes
  1040 | D:2      | Reached skill level 4 in Unarmed Combat
  1045 | D:2      | Found a glowing silver altar of Zin.
  1050 | D:2      | Reached XP level 3. HP: 29/31 MP: 6/6
  1326 | D:2      | Learned a level 3 spell: Spider Form
  1464 | D:2      | Reached skill level 1 in Poison Magic
  2227 | D:2      | Reached XP level 4. HP: 28/38 MP: 5/7
  2394 | D:3      | Slain by an adder

Vault maps used:
D:1:      wheals_arrival_shading
D:2:      old_standard_altar

Skill      XL: |  1  2  3 |
---------------+----------+-----
Unarmed Combat | 4 |  4.5
Poison Magic   | 1 |  1.6
Fighting       | |  1.0
Dodging        | |  1.5
Spellcasting   | |  2.0
Transmutations | |  2.0

Action                   |  1- 3 |  4- 6 || total
-------------------------+-------+-------++-------
Melee: Unarmed           |   104 |    19 ||   123
       Headbutt          |    14 |     3 ||    17
 Cast: Beastly Appendage |    22 |     4 ||    26
  Eat: Chunk             |     3 |     1 ||     4
Armor: Robe              |    29 |     9 ||    38
Dodge: Dodged            |    78 |     7 ||    85
